Map: Eternal Empire LE

Players

DRG

  • Race: Zerg Zerg
  • Spawn Location: 7:00

LiquidClem (Clem) - Winner!

  • Race: Terran Terran
  • Spawn Location: 1:00

Event: Shopify TSL 5

VOD

Have the link to the VOD?

Description

Time

  • Played on: May 17, 2020, 8:08 a.m.
  • Length: 12:57

All games in this series

Show
View Real Time Build Order
Export as new Build Order

DRG Zerg 

Build Orders: Hatch First, Muta Ling Bane 

Get SALT Encoding   

  12  0:01  Drone  
  13  0:12  Overlord  
  13  0:17  Drone  
  14  0:30  Drone x2  
  16  0:48  Hatchery  
  15  0:51  Drone  
  15  0:54  Drone  
  17  0:58  Drone  
  18  1:09  Extractor  
  17  1:14  Spawning Pool  
  17  1:16  Drone  
  17  1:20  Drone  
  18  1:28  Drone  
  19  1:39  Drone  
  20  1:49  Drone  
  21  2:00  Queen x2  
  25  2:01  Zergling x4  
  27  2:10  Overlord  
  27  2:12  Zergling x2  
  28  2:29  Drone  
  29  2:30  Drone  
  29  2:33  Drone x2  
  29  2:36  Queen  
  34  2:42  Overlord  
  34  2:46  Metabolic Boost  
  34  2:47  Overlord  
  34  2:55  Drone x2  
  36  3:04  Hatchery  
  35  3:06  Drone x2  
  35  3:09  Drone x2  
  35  3:10  Drone  
  39  3:16  Drone x3  
  42  3:20  Drone  
  42  3:22  Drone  
  44  3:27  Queen  
  44  3:31  Drone x2  
  48  3:36  Queen  
  48  3:40  Overlord  
  50  3:51  Zergling x2  
  50  3:52  Evolution Chamber, Overlord  
  50  3:55  Zergling x2  
  51  3:59  Drone x3  
  54  4:07  Drone  
  55  4:11  Zergling x4  
  55  4:12  Queen  
  55  4:17  Overlord  
  59  4:19  Zerg Ground Armor Level 1  
  59  4:20  Drone  
  59  4:23  Queen  
  59  4:24  Drone x4  
  66  4:32  Zergling x2  
  66  4:33  Zergling x2  
  66  4:35  Overlord  
  66  4:36  Drone x2  
  66  4:37  Drone  
  72  4:38  Drone  
  72  4:41  Overlord  
  72  4:44  Spore Crawler  
  72  4:45  Spore Crawler  
  70  4:47  Spore Crawler  
  70  4:52  Overlord  
  69  4:55  Extractor, Drone x4  
  72  5:01  Lair  
  72  5:02  Drone x2  
  72  5:03  Drone  
  72  5:05  Drone  
  72  5:06  Drone  
  77  5:09  Drone x2  
  77  5:12  Drone x2  
  81  5:17  Extractor, Drone  
  81  5:18  Drone x2, Baneling Nest  
  81  5:19  Extractor  
  80  5:24  Drone x2  
  80  5:25  Extractor  
  80  5:27  Drone x3  
  84  5:29  Extractor  
  84  5:30  Drone  
  84  5:33  Drone x2  
  84  5:34  Drone  
  87  5:38  Drone  
  88  5:45  Hatchery  
  88  5:47  Zergling x6  
  90  5:51  Zergling x2  
  90  5:52  Zergling x2  
  90  5:55  Zergling x6  
  90  5:56  Overlord  
  95  6:02  Spire  
  95  6:03  Overlord  
  94  6:04  Overlord, Centrifical Hooks  
  94  6:05  Zergling x6  
  94  6:07  Overlord x2  
  97  6:16  Zerg Melee Weapons Level 1  
  96  6:23  Hatchery  
  96  6:24  Zergling x2  
  96  6:25  Zergling x10  
  100  6:32  Drone x2  
  102  6:34  Zergling x14  
  102  6:35  Baneling x5  
  102  6:36  Baneling x2  
  102  6:38  Zergling x2  
  110  6:43  Zergling x2  
  111  6:53  Zergling x6  
  111  7:00  Zergling x10  
  113  7:04  Zergling x2  
  99  7:16  Mutalisk x7  
  99  7:18  Zerg Flyer Weapons Level 1  
  99  7:21  Drone  
  114  7:23  Mutalisk x2  
  114  7:25  Hatchery  
  114  7:26  Baneling  
  114  7:27  Baneling x2  
  116  7:30  Zergling x8  
  116  7:31  Zergling x2  
  116  7:36  Zergling x10  
  126  7:37  Baneling x5  
  126  7:38  Baneling x2  
  126  7:46  Zergling x2  
  126  7:48  Overlord x2  
  127  7:58  Overlord x2  
  127  8:00  Baneling x8  
  127  8:05  Overlord x2  
  127  8:08  Zergling x18  
  117  8:21  Drone x8  
  117  8:26  Mutalisk x4  
  124  8:37  Mutalisk x3  
  124  8:39  Drone x6  
  132  8:42  Unknown  
  129  8:51  Zerg Ground Armor Level 2  
  129  8:52  Evolution Chamber  
  129  8:55  Zergling x14  
  135  9:07  Pneumatized Carapace  
  135  9:08  Infestation Pit  
  135  9:09  Overseer  
  134  9:12  Hatchery  
  134  9:16  Zerg Flyer Weapons Level 2  
  133  9:17  Zergling x14  
  140  9:31  Zerg Melee Weapons Level 2  
  140  9:33  Zergling x26  
  140  9:34  Baneling  
  140  9:35  Baneling x4  
  153  9:40  Zergling x10  
  153  9:44  Overseer  
  157  9:48  Zergling x16  
  165  9:54  Hive  
  165  9:56  Zergling x8  
  165  9:58  Baneling x4  
  169  10:05  Zergling x14  
  172  10:10  Zergling x10  
  172  10:12  Baneling x5  
  171  10:22  Baneling x12  
  171  10:24  Zergling x10  
  171  10:27  Zergling x8  
  178  10:29  Baneling x4  
  153  10:42  Mutalisk x7  
  128  10:46  Zergling x8  
  139  10:52  Overseer  
  139  10:53  Overseer  
  139  10:57  Drone x9  
  140  11:02  Baneling  
  148  11:05  Zergling x14  
  148  11:10  Zergling x2  
  148  11:11  Zergling x8  
  160  11:13  Baneling  
  160  11:14  Baneling x6  
  158  11:20  Zergling x12  
  163  11:29  Zergling x18  
  163  11:31  Baneling x4  
  168  11:38  Zergling x2  
  168  11:39  Zergling x14  
  152  11:50  Zergling x26  
  152  11:53  Baneling x5  
  157  11:58  Zergling x8  
  150  12:11  Mutalisk x2  
  150  12:13  Drone x3  
  150  12:14  Drone x3  
  155  12:15  Baneling x5  
  155  12:16  Baneling x5  
  155  12:17  Zergling x12  
  155  12:21  Drone x2  
  163  12:24  Drone x3  
  163  12:28  Zergling x12  
  170  12:35  Zergling x6  
  172  12:38  Baneling x7  
Show
View Real Time Build Order
Export as new Build Order

LiquidClem Terran - Winner!

Build Orders: Reaper Expand 

Get SALT Encoding   

  12  0:00  SCV  
  13  0:12  SCV  
  14  0:17  Supply Depot  
  14  0:25  SCV  
  15  0:38  SCV  
  15  0:40  Barracks  
  16  0:43  Refinery  
  16  0:51  SCV  
  17  1:03  SCV  
  18  1:15  SCV  
  19  1:27  Orbital Command, Reaper  
  20  1:40  Command Center  
  20  1:48  Supply Depot  
  20  1:53  SCV  
  21  1:59  Marine  
  22  2:05  SCV  
  23  2:11  Factory  
  23  2:17  SCV  
  23  2:21  Barracks Reactor  
  24  2:29  SCV  
  25  2:38  Command Center  
  25  2:41  SCV  
  26  2:53  SCV, Orbital Command  
  27  3:00  Barracks  
  27  3:06  Hellion  
  27  3:10  SCV  
  30  3:15  Hellion  
  30  3:19  SCV, Barracks Tech Lab  
  33  3:22  SCV  
  33  3:24  Refinery  
  34  3:32  SCV  
  34  3:34  SCV  
  36  3:37  Marine, Stimpack  
  37  3:44  SCV  
  37  3:46  SCV  
  39  3:50  Starport  
  39  3:51  Orbital Command  
  39  3:54  Marine  
  40  3:56  Marine x2  
  40  3:58  SCV, Factory Reactor  
  40  3:59  SCV  
  44  4:10  SCV  
  44  4:11  SCV  
  44  4:12  Marine, Supply Depot  
  44  4:14  Marine x2  
  49  4:17  SCV  
  49  4:22  SCV  
  49  4:24  SCV, Refinery  
  52  4:29  SCV  
  52  4:30  Marine  
  54  4:31  Marine x2  
  54  4:35  SCV  
  54  4:38  SCV  
  58  4:40  Supply Depot  
  58  4:41  Factory Tech Lab, Medivac x2  
  63  4:47  SCV  
  63  4:48  Marine  
  63  4:49  Marine x2  
  63  4:50  Engineering Bay  
  63  4:52  SCV, Engineering Bay  
  67  4:54  Orbital Command  
  67  4:57  Barracks  
  67  4:59  SCV  
  68  5:03  Supply Depot  
  68  5:04  SCV  
  68  5:06  Marine  
  70  5:07  Marine x2  
  70  5:08  Siege Tank, Refinery  
  70  5:11  SCV  
  76  5:17  SCV  
  77  5:23  Supply Depot  
  77  5:24  SCV x2, Marine  
  77  5:26  Combat Shield  
  77  5:27  Marine  
  81  5:29  SCV  
  81  5:34  Supply Depot  
  81  5:35  Barracks, Terran Infantry Weapons Level 1  
  82  5:36  Barracks  
  82  5:38  Terran Infantry Armor Level 1  
  82  5:40  SCV  
  83  5:46  Marine x2, Barracks Reactor  
  83  5:48  Marine, Supply Depot  
  83  5:49  SCV  
  87  5:51  SCV  
  87  5:52  SCV  
  88  5:58  Supply Depot  
  88  6:01  SCV  
  88  6:03  SCV, Siege Tank  
  93  6:04  Marine x2  
  93  6:05  SCV  
  96  6:11  Supply Depot  
  96  6:13  SCV, Marine  
  96  6:15  SCV  
  96  6:18  SCV  
  100  6:22  Marine x2  
  100  6:23  Factory  
  100  6:24  Refinery  
  100  6:25  SCV  
  103  6:26  Supply Depot  
  103  6:27  SCV  
  103  6:29  Marine x2  
  103  6:30  Barracks Reactor  
  103  6:31  Marine, Barracks Reactor  
  107  6:34  Medivac  
  107  6:36  Medivac  
  111  6:40  SCV x3  
  114  6:47  Armory  
  114  6:50  Marine  
  114  6:52  SCV  
  116  6:55  Marine x2  
  116  6:56  Marine  
  115  7:02  Marine  
  115  7:04  SCV x2  
  115  7:08  Marine  
  119  7:09  Command Center, Supply Depot  
  119  7:11  Marine x2  
  119  7:13  Marine x2  
  125  7:17  Marine x2  
  125  7:20  SCV  
  125  7:22  Marine x2  
  123  7:23  Refinery  
  123  7:24  Factory Reactor  
  123  7:25  Marine  
  123  7:27  Widow Mine  
  123  7:29  SCV, Marine x2  
  129  7:31  Marine x2  
  129  7:34  Terran Infantry Armor Level 2, Marine x2  
  129  7:36  Drilling Claws  
  133  7:39  Terran Infantry Weapons Level 2  
  133  7:40  Marine x2  
  133  7:43  Marine, Supply Depot  
  136  7:44  Supply Depot  
  136  7:45  SCV  
  136  7:46  Marine  
  136  7:47  Marine  
  136  7:49  Marine x2  
  136  7:50  Supply Depot  
  141  8:00  Terran Vehicle And Ship Armor Level 1  
  141  8:03  Missile Turret  
  141  8:04  Marine x6  
  141  8:05  Widow Mine  
  149  8:06  Widow Mine x2, Medivac x2  
  149  8:12  Marine x3  
  137  8:22  Marine  
  137  8:26  Widow Mine  
  134  8:28  Marine, Widow Mine  
  134  8:29  Marine  
  134  8:32  Marine  
  133  8:36  Marine x4, Widow Mine, Medivac x2  
  133  8:40  Marine x2  
  143  8:45  Missile Turret  
  143  8:46  Missile Turret, Marine  
  143  8:47  Marine  
  143  8:49  Thor  
  143  8:50  Marine  
  143  8:51  SCV  
  143  8:53  Marine  
  143  8:54  Marine  
  151  8:55  SCV  
  151  9:00  Marine x2, Widow Mine x2  
  158  9:04  Marauder  
  158  9:06  Missile Turret, Marine x2  
  158  9:07  Missile Turret  
  158  9:08  Marine x2  
  164  9:12  Planetary Fortress  
  164  9:16  SCV x2  
  166  9:21  Medivac x2  
  166  9:22  Marine, Supply Depot  
  171  9:28  SCV  
  172  9:38  Barracks, Thor  
  172  9:39  Barracks  
  172  9:41  Barracks  
  172  9:43  Widow Mine  
  172  9:44  Widow Mine  
  182  9:45  Marine  
  182  9:46  Marine x2  
  182  9:51  Supply Depot  
  185  9:55  Command Center  
  185  9:56  Terran Infantry Armor Level 3  
  185  10:02  Terran Infantry Weapons Level 3, Supply Depot  
  185  10:06  Widow Mine, Marauder  
  176  10:08  Medivac  
  176  10:09  Widow Mine  
  176  10:10  Marine  
  176  10:11  Marine x2  
  176  10:12  Medivac  
  183  10:18  Marine  
  183  10:20  Marine x3  
  181  10:21  Widow Mine  
  181  10:28  Terran Vehicle And Ship Armor Level 2, Refinery  
  180  10:30  Marine x4, Widow Mine, Marauder  
  178  10:36  Widow Mine  
  178  10:38  Medivac  
  178  10:42  Medivac  
  169  10:43  Widow Mine  
  169  10:46  Marine x3  
  169  10:47  Barracks Tech Lab  
  169  10:48  Barracks Tech Lab  
  160  10:51  Marine x2, Widow Mine  
  160  10:52  Marauder  
  160  10:55  Missile Turret  
  166  10:58  SCV  
  166  11:00  Marine x3  
  166  11:01  Barracks Tech Lab  
  166  11:03  SCV x2  
  166  11:04  Thor  
  172  11:05  Widow Mine  
  172  11:08  Medivac  
  182  11:11  Marine x2  
  182  11:12  Marauder  
  182  11:13  Marine x2, Marauder  
  190  11:21  SCV  
  190  11:23  Command Center  
  190  11:25  Widow Mine  
  190  11:26  Marine  
  190  11:27  Marine, Marauder  
  190  11:28  Marine x2  
  190  11:31  Marine  
  190  11:32  Marauder  
  199  11:34  Marauder  
  199  11:36  Marine, Widow Mine  
  200  11:41  Marine x2  
  200  11:43  Marine  
  200  11:44  Marine  
  200  11:45  Medivac  
  200  11:46  Widow Mine  
  191  11:48  Marauder  
  191  11:49  Marine x2  
  191  11:53  Marauder, Planetary Fortress  
  188  11:56  Marauder  
  188  11:59  SCV  
  189  12:02  Marauder  
  186  12:10  Marine, Widow Mine, Thor  
  186  12:11  Marauder  
  186  12:12  Marine  
  186  12:13  Missile Turret, Marine x2  
  186  12:14  Missile Turret  
  184  12:22  Widow Mine  
  184  12:25  Marine x2  
  184  12:26  Marine x2, Marauder  
  190  12:32  Marine x2, Marauder  
  190  12:34  Missile Turret  
  197  12:39  Marine  
Tags
 
Add a new tag
Caveats
  • Supply blocks, unpowered buildings, or Contaminate may cause inaccurate times.
  • Supply counts are checked every 10 seconds.